AoeStats
← Brezel

Arabia

510316231Analyzed
1v1 RM · 7h ago on Sep 30, 2026· 61m 29s· 2 players
Game mode
Random Map
Map size
Tiny (2 player)
Population
200
Speed
Normal
Resources
Standard
Victory
Conquest
Starting age
Dark Age
Ending age
Imperial Age
RankedLock teamsTeams togetherTeam positionsShared explorationLock speedFull tech treeHidden civsTurbo modeCheats
Victory
Defeat
🇨🇿 Saracens · Czechia
1209
+17
🇩🇪 Sicilians · Germany
1235
-17
Majsner_Of_Puppets
6:00 Loom
9:16 Feudal Age
10:01 Double-Bit Axe
11:31 Town Watch
13:29 Fletching
20:37 Castle Age
18:55 Horse Collar
21:13 Bodkin Arrow
20:39 Crossbowman
21:33 Bow Saw
29:50 Heavy Plow
30:45 Wheelbarrow
31:23 Town Patrol
32:38 Padded Archer Armor
33:52 Scale Barding Armor
33:57 Forging
35:19 Chain Barding Armor
38:29 Imperial Age
36:45 Ballistics
36:21 Murder Holes
36:36 Masonry
36:54 Bloodlines
36:50 Husbandry
37:54 Iron Casting
39:23 Bracer
40:27 Chemistry
39:33 Siege Engineers
42:12 Counterweights
42:28 Leather Archer Armor
43:13 Blast Furnace
42:48 Plate Barding Armor
42:31 Arbalester
45:05 Elite Mameluke
54:30 Herbal Medicine
55:55 Hoardings
55:43 Conscription
56:32 Ring Archer Armor
56:37 Plate Barding Armor
56:03 Scale Mail Armor
Brezel
6:33 Loom
9:49 Feudal Age
10:19 Double-Bit Axe
10:18 Horse Collar
19:31 Scale Mail Armor
21:32 Castle Age
22:56 Chain Mail Armor
23:48 Squires
28:15 Wheelbarrow
35:25 Hand Cart
36:54 Arson
37:22 Forging
38:05 Town Watch
38:54 Bow Saw
41:35 Imperial Age
41:48 Elite Serjeant
43:00 Plate Mail Armor
42:51 Capped Ram
45:37 Iron Casting
54:55 Blast Furnace
Connection lost

Rejoining the realm…

Still unreachable

The connection could not be restored.

Session expired

The server has moved on; the page needs a fresh start.